 Dungeon Crawl Stone Soup version 0.30-b1-2-g02819fbbbe (webtiles) character file.

Game seed: 17607492301883105108

188 LLlMATKO the Chopper (level 5, -2/47 HPs)
             Began as a Minotaur Berserker on Oct 31, 2023.
             Was a Believer of Trog.
             Slain by a black bear (3 damage)
             ... on level 4 of the Dungeon.
             The game lasted 00:01:25 (1662 turns).

LLlMATKO the Chopper (Minotaur Berserker)           Turns: 1662, Time: 00:01:25

Health: -2/47      AC:  7    Str: 24    XL:     5   Next: 39%
Magic:  4/4        EV: 11    Int:  4    God:    Trog [**....]
Gold:   129        SH:  0    Dex:  9    Spells: 4/4 levels left

rFire   . . .        a - +0 hand axe
rCold   . . .        (no shield)
rNeg    . . .        k - +0 scale mail
rPois   .            (helmet restricted)
rElec   .            (no cloak)
rCorr   .            (no gloves)
SInv    .            (no boots)
Will    ++...        (no amulet) Stlth
                     (no ring)
HPRegen 1.27/turn    (no ring)
MPRegen 0.09/turn

%: no passive effects
@: strong-willed, on berserk cooldown, regenerating
A: horns 2, retaliatory headbutt
a: Renounce Religion, Berserk, Trog's Hand


You were on level 4 of the Dungeon.
You worshipped Trog.
Trog was pleased with you.
You visited 1 branch of the dungeon, and saw 4 of its levels.

You collected 129 gold pieces.

Inventory:

Hand Weapons
 a - a +0 hand axe (weapon)
Missiles
 c - 3 poisoned darts (quivered)
Armour
 k - a +0 scale mail (worn)
Jewellery
 p - a +5 ring of evasion
Scrolls
 e - a scroll of fog {unknown}
 g - a scroll of fear {unknown}
 h - 2 scrolls of identify {unknown}
 i - a scroll of blinking {unknown}
 j - 2 scrolls of enchant weapon {unknown}
 n - a scroll of poison {unknown}
 o - a scroll of teleportation {unknown}
Potions
 b - 3 potions of flight {unknown}
 d - a potion of degeneration {unknown}
 f - a potion of heal wounds {unknown}
 l - a potion of curing {unknown}
 m - a potion of attraction {unknown}


   Skills:
 + Level 4.8 Fighting
 + Level 4.8 Axes
 + Level 3.9 Armour
 + Level 3.6 Dodging


You had 4 spell levels left.
You didn't know any spells.
Your spell library was empty.

Dungeon Overview and Level Annotations

Branches:
Dungeon (4/15)             Temple (0/1) D:4

Altars:


Innate Abilities, Weirdness & Mutations

You have a pair of horns on your head.
You reflexively headbutt those who attack you in melee.


Message History

Okay, then.
You hit the black bear but do no damage.
The black bear barely misses you.
The black bear claws you but does no damage. x2
The black bear bites you but does no damage.
The black bear claws you but does no damage. x2
You closely miss the black bear.
You headbutt the black bear, but do no damage.
The black bear bites you. The black bear closely misses you.
The black bear claws you but does no damage.
You barely miss the black bear. You headbutt the black bear!
The black bear is moderately wounded.
The black bear bites you but does no damage.
The black bear claws you.
The black bear claws you but does no damage.
The black bear misses you.
The black bear claws you but does no damage. x2
You slash the black bear!
The black bear is severely wounded.
The black bear goes berserk!
Unknown command.
You hit the black bear. You headbutt the black bear.
The black bear is almost dead.
You feel yourself speed up.
The black bear bites you but does no damage.
The black bear claws you but does no damage.
The black bear closely misses you. The black bear bites you.
The black bear claws you but does no damage.
The black bear closely misses you. The black bear bites you.
The black bear closely misses you. The black bear barely misses you.
You hit the black bear but do no damage.
The black bear is almost dead.
The black bear bites you.
The black bear claws you but does no damage.
The black bear claws you. The black bear bites you!
* * * LOW HITPOINT WARNING * * *
The black bear claws you.
* * * LOW HITPOINT WARNING * * *
The black bear claws you.
You die...

####.....!. ...#......
...........
##.......#####..........
.......[................
#......................
.#........#...........[#
.......#.###.#.........#
.....##..###...........#
....##...##....h@....#
...##...†##.##########
... ##.>..#..# ..
#.....#.# #...##...#
#....####..#### ####.
##....# ## #..#.# .#.# #


You could see a black bear (berserk).

Vanquished Creatures
  A steam dragon (D:4)
  2 adders
  A worm (D:2)
  5 dart slugs
  3 ball pythons
  5 endoplasms
  3 giant cockroaches (D:2)
  A hobgoblin (D:2)
  3 jackals (D:1)
  9 kobolds
  4 frilled lizards
  A goblin (D:1)
  2 rats
40 creatures vanquished.

Notes
Turn   | Place    | Note
-------+----------+-------------------------------------------
     0 | D:1      | LLlMATKO the Minotaur Berserker began the quest for the
                  | Orb.
     0 | D:1      | Reached XP level 1. HP: 19/19 MP: 0/0
   231 | D:1      | Reached XP level 2. HP: 25/27 MP: 1/1
   401 | D:1      | Found a faded altar of an unknown god.
   856 | D:2      | Reached ** piety under Trog
   921 | D:2      | Reached XP level 3. HP: 27/33 MP: 2/2
  1611 | D:3      | You fall into a shaft and drop 1 floor!
  1611 | D:4      | Found a staircase to the Ecumenical Temple.
  1622 | D:4      | Reached XP level 4. HP: 38/40 MP: 3/3
  1633 | D:4      | Noticed a steam dragon
  1641 | D:4      | Killed a steam dragon
  1641 | D:4      | Noticed a black bear
  1642 | D:4      | Reached XP level 5. HP: 21/47 MP: 4/4
  1662 | D:4      | HP: 1/47 [black bear (5)]
  1662 | D:4      | Slain by a black bear

Illustrated notes

Levels and vault maps discovered:
D:1:      dpeg_arrival_oval, layout_basic,
          hellmonk_ecumenical_altar_inner_sanctum
D:2:      layout_loops_ring, patterned_corridor
D:3:      layout_basic, nicolae_goblin_pals
D:4:      layout_basic, minmay_temple_entry_wispy, uniq_duvessa

Skill      XL: |  1  2  3 |
---------------+----------+-----
Fighting       | 4 |  4.8
Axes           | 4 |  4.8
Armour         | 3 |  3.9
Dodging        | 3 |  3.6

Action                     |  1- 3 |  4- 6 || total
---------------------------+-------+-------++-------
  Melee: Hand axe          |    86 |    10 ||    96
         Headbutt          |     9 |     3 ||    12
 Invoke: Berserk           |       |     1 ||     1
         Trog's Hand       |       |     1 ||     1
 Armour: Animal skin       |     2 |       ||     2
         Scale mail        |    21 |    14 ||    35
  Dodge: Dodged            |    39 |     9 ||    48
